aen, chaotic female human Rogue @ aen the Pilferer Experience level: 10 Strength: 18 Dexterity: 18 Constitution: 18 Intelligence: 9 Wisdom: 14 Charisma: 10 Health: 0(50) Energy: 57(57) Def: 17 Gold: 1276 Moves: 17010 Dungeon seed: BGo5vgNUrVA4tfxm Game ID: aen_1529687625 Your Inventory: Coins $ - 1276 gold pieces Weapons s - 2 +0 elven daggers w - a +0 elven dagger (weapon in hand) R - 16 +0 daggers (in quiver) T - a blessed +1 elven dagger Armor c - a blessed greased +2 silver dragon scale mail (being worn) e - an uncursed +0 elven leather helm (being worn) k - a blessed fireproof +2 cloak of magic resistance (being worn) n - an uncursed +0 pair of leather gloves (being worn) Y - an uncursed +0 pair of jumping boots (being worn) Comestibles m - an uncursed lizard corpse u - an uncursed food ration x - an uncursed carrot L - an uncursed pancake O - an uncursed cream pie Spellbooks H - an uncursed spellbook of cancellation Potions G - an uncursed potion of levitation I - an uncursed potion of speed J - a cursed potion of paralysis Rings U - an uncursed ring of shock resistance (on left hand) Wands a - a wand of wishing (0:1) d - a wand of light (0:10) f - a wand of striking (0:7) o - a wand of digging (0:4) M - a wand of light (0:13) W - a wand of light (0:15) Tools g - an uncursed blindfold q - an uncursed bag of holding y - a +0 unicorn horn V - an uncursed skeleton key X - an uncursed mirror Z - an uncursed stethoscope Gems z - 2 uncursed worthless pieces of red glass K - an uncursed luckstone Contents of the bag of holding: an uncursed amulet of ESP 11 +0 daggers a +0 worm tooth a cursed +0 cloak of invisibility 3 uncursed cram rations 7 uncursed food rations 6 uncursed tripe rations an uncursed scroll of amnesia a blessed scroll of blank paper 4 uncursed scrolls of blank paper an uncursed scroll of confuse monster a blessed scroll of create monster an uncursed scroll of create monster 2 uncursed scrolls of earth named earth 2 uncursed scrolls of enchant armor an uncursed scroll of enchant weapon a cursed scroll of enchant weapon an uncursed scroll of fire 2 blessed scrolls of identify 2 uncursed scrolls of identify a blessed scroll of remove curse named ea or rc an uncursed scroll of scare monster an uncursed scroll of stinking cloud an uncursed potion of blindness an uncursed potion of confusion an uncursed potion of gain level a cursed potion of gain level an uncursed potion of hallucination a blessed potion of healing a cursed potion of invisibility a blessed potion of levitation a blessed potion of monster detection 2 uncursed potions of object detection a blessed potion of see invisible an uncursed potion of see invisible a cursed potion of sickness a potion of unholy water named cursed a cursed -1 ring of adornment an uncursed ring of cold resistance an uncursed ring of free action an uncursed ring of levitation an uncursed ring of polymorph control an uncursed ring of protection from shape changers an uncursed ring of protection from shape changers an uncursed ring of protection from shape changers an uncursed ring of teleport control a wand of fire (0:6) a can of grease (0:8) an uncursed magic lamp a +0 unicorn horn a +0 unicorn horn 4 uncursed agate stones 4 uncursed amethyst stones 2 uncursed diamonds 3 uncursed emeralds an uncursed ruby 3 uncursed worthless pieces of black glass 7 uncursed worthless pieces of blue glass 3 uncursed worthless pieces of green glass 2 uncursed worthless pieces of red glass 11 uncursed worthless pieces of violet glass 4 uncursed worthless pieces of white glass 3 uncursed worthless pieces of yellow glass 2 uncursed worthless pieces of yellowish brown glass Spells and supernatural/magical abilities: Name Level Category Fail Memory W - pray for help -- divine ? -- Y - supernatural jump -- ability ? -- Your skills at the end: Fighting Skills Weapon Skills dagger [Expert] short sword [Basic] Spellcasting Skills Final Attributes: You were piously aligned. You were shock resistant. You were poison resistant. You were magic-protected. You were telepathic. You had automatic searching. You were stealthy. You could jump. You were swallowed by an air elemental. You were fast. You had reflection. You were lucky. You had extra luck. Bad luck did not time out for you. Good luck did not time out for you. You are dead. Vanquished creatures: an iron golem 2 giant mimics 3 large mimics 2 long worms 2 wargs 3 small mimics a quantum mechanic a gelatinous cube a pyrolisk a large dog a shocking sphere 2 large cats a gargoyle a dwarf king 2 ochre jellies an ettin zombie a succubus 3 giant beetles a quivering blob a cockatrice 4 wolves a winter wolf cub a lynx a panther a spotted jelly a leprechaun an orc-captain an iron piercer 3 scorpions 2 horses 3 ice vortices a vampire bat a forest centaur 4 gnome kings 3 orc mummies a dwarf mummy a rust monster an owlbear a lizard a dog 3 dingos a housecat 3 jaguars 4 dwarf lords a blue jelly 3 white unicorns a dust vortex a gnome mummy a snake 4 apes 11 human zombies 2 rope golems a Woodland-elf 2 soldier ants 5 fire ants 2 wood nymphs a mountain nymph 9 Mordor orcs an orc shaman 2 rock piercers a rock mole 3 ponies 2 fog clouds 5 yellow lights 3 shriekers a violet fungus 20 gnome lords 6 gnomish wizards a kobold mummy 2 guardian naga hatchlings 2 gray oozes a barrow wight 6 elf zombies a paper golem 2 baby crocodiles a giant ant 2 little dogs 7 floating eyes 3 kittens 19 dwarves a homunculus 3 kobold lords 2 kobold shamans 6 hill orcs 5 rothes a centipede 4 giant bats a monkey 3 orc zombies 6 dwarf zombies 2 wererats 3 werejackals 6 iguanas 2 killer bees 2 acid blobs 2 coyotes 2 gas spores 5 hobbits 3 manes 4 hobgoblins 6 giant rats 4 cave spiders a brown mold 4 yellow molds 2 green molds 3 red molds 59 gnomes 4 garter snakes a gnome zombie 5 geckos 12 jackals 2 foxes 2 kobolds 2 goblins 12 sewer rats 12 grid bugs 7 lichens 3 kobold zombies 6 newts 420 creatures vanquished. Voluntary challenges: You had been an atheist until turn 3742. You used a wielded weapon 394 times, starting on turn 21. You read items or engraved 13 times, starting on turn 4051. You never genocided any monsters. You never polymorphed an object. You never changed form. You used 2 wishes, starting on turn 3788. You did not wish for any artifacts. You never split a pudding. You wrote Elbereth's name 8 times, starting on turn 4411. You violated your moral code, losing 1 point of alignment, starting on turn 12395. Dungeon overview: The Dungeons of Doom: levels 1 to 12 Level 1 a long staircase Level 2 a general store, some fountains Level 3 a fountain stairs to The Gnomish Mines Level 4 a potion shop Level 5 Level 6 a jewelry store, a fountain Level 7 a fountain Level 8 Level 9 a general store, a fountain stairs to Sokoban Level 10 a general store Level 11 <- You were here a fountain Level 12 The Gnomish Mines: levels 4 to 11 Level 4 stairs to The Dungeons of Doom Level 5 Level 6 Level 7 many shops, a temple to Issek, some fountains Level 8 Level 9 Level 10 Level 11 a fountain Sokoban: levels 5 to 8 Level 5 Level 6 Level 7 Level 8 stairs to The Dungeons of Doom History has recorded: On T:1 you entered the Dungeons of Doom to retrieve the Amulet of Yendor! On T:201 you reached level 2 of The Dungeons of Doom. On T:302 you advanced to experience level 2. On T:766 you reached level 3 of The Dungeons of Doom. On T:771 you advanced to experience level 3. On T:926 you reached level 1 of The Gnomish Mines. On T:950 you advanced to experience level 4. On T:1003 you advanced to experience level 5. On T:1144 you reached level 2 of The Gnomish Mines. On T:1876 you advanced to experience level 6. On T:2848 you reached level 3 of The Gnomish Mines. On T:3164 you reached level 4 of The Gnomish Mines. On T:3487 you advanced to experience level 7. On T:3788 you wished for "blessed greased +2 silver dragon scale mail". On T:4047 you wished for "blessed greased fireproof +2 cloak of magic resistance". On T:4290 you reached level 5 of The Gnomish Mines. On T:4412 you advanced to experience level 8. On T:5241 you reached level 6 of The Gnomish Mines. On T:5590 you reached level 7 of The Gnomish Mines. On T:5881 you reached level 8 of The Gnomish Mines. On T:8758 you advanced to experience level 9. On T:10027 you reached level 4 of The Dungeons of Doom. On T:10751 you reached level 5 of The Dungeons of Doom. On T:11221 you reached level 6 of The Dungeons of Doom. On T:11958 you reached level 7 of The Dungeons of Doom. On T:12150 you reached level 8 of The Dungeons of Doom. On T:12227 you reached level 9 of The Dungeons of Doom. On T:12860 you reached level 4 of Sokoban. On T:13234 you reached level 3 of Sokoban. On T:13811 you reached level 2 of Sokoban. On T:14135 you reached level 1 of Sokoban. On T:15812 you reached level 10 of The Dungeons of Doom. On T:15899 you reached level 11 of The Dungeons of Doom. On T:16671 you reached level 12 of The Dungeons of Doom. On T:16887 you advanced to experience level 10. Score breakdown: Gold: 1276 (10566 points) Experience: 10 levels (16712 points) Exploration: 12 levels ( 23.53%) (14071 points) Discoveries: 21 items ( 7.05%) ( 7963 points) Valuables value: (no points given unless you survive) Artifact value: 0 ( 0 points) Variety of kills: 119 monsters ( 31.23%) (16766 points) Turncount: 17010 turns (-3163 points) Survival: died (score multiplied by 80%) Total score: 50332 Latest messages: You have a little trouble lifting R - a dagger (in quiver). The door opens. With great effort you move the boulder. You displace your marilith. Never mind. A lit field surrounds you! You throw 2 daggers. The 1st dagger hits the yellow mold. The 2nd dagger hits the yellow mold! You kill the yellow mold! The air elemental bumps right into you! You hit the air elemental! The air elemental engulfs you! You are pummeled with debris! (3x) You hit the air elemental! You are pummeled with debris! (3x) You are pummeled with debris! (3x) The dagger hits the air elemental! You are pummeled with debris! (3x) You die... Final status: Goodbye aen the Rogue, killed by an air elemental... You died in The Dungeons of Doom on dungeon level 11 with 50332 points, and 1276 pieces of gold, after 17010 moves. You were level 10 with a maximum of 50 hit points when you died.